 Dungeon Sprint DCSS version 0.27-a0-1347-gd8886f0a89 (webtiles) character file.

Game seed: 10209692786658971021

6279 mhtbhm the Eclecticist (level 10, -2/53 HPs)
             Began as a Deep Elf Earth Elementalist on June 27, 2021.
             Was the Champion of Vehumet.
             Slain by a minotaur (10 damage)
             ... in the Dungeon (Sprint VII: "The Pits").
             The game lasted 00:05:05 (1977 turns).

mhtbhm the Eclecticist (DEEE)                       Turns: 1977, Time: 00:05:05

Health: -2/53      AC:  5    Str:  5    XL:     10   Next: 63%
Magic:  2/36       EV: 14    Int: 24    God:    Vehumet [******]
Gold:   0          SH:  0    Dex: 15    Spells: 35/50 levels left

rFire    . . .     SeeInvis .   b - +2 flail (protect)
rCold    . . .     Faith    .   (no shield)
rNeg     . . .     Spirit   .   a - +0 robe
rPois    .         Reflect  .   s - +0 helmet
rElec    .         Harm     .   t - +0 cloak
rCorr    .         Rampage  .   r - +0 pair of gloves
Will     +....     NoTele   +   (no boots)
Stlth    +++.......             (no amulet)
HPRegen  0.17/turn              (no ring)
MPRegen  0.25/turn              (no ring)

@: no status effects
A: no striking features
a: Renounce Religion


You were in the Dungeon.
You worshipped Vehumet.
Vehumet was exalted by your worship.
You visited 1 branch

Inventory:

Hand Weapons
 b - a +2 flail of protection (weapon)
 l - a +2 quarterstaff
Missiles
 i - 17 stones
Armour
 a - a +0 robe (worn)
 r - a +0 pair of gloves (worn)
 s - a +0 helmet (worn)
 t - a +0 cloak (worn)
Jewellery
 n - a +3 ring of protection
 o - a +3 ring of strength
Scrolls
 h - a scroll of blinking
 j - 5 scrolls of amnesia
Potions
 c - 8 potions of curing
 d - 3 potions of heal wounds
 e - 2 potions of haste
 f - 2 potions of magic
 g - 3 potions of berserk rage
 m - 2 potions of invisibility
 p - 2 potions of might
 q - a potion of mutation


   Skills:
 + Level 2.1 Fighting
 + Level 4.4 Dodging
 + Level 5.4 Stealth
 + Level 20.7 Spellcasting
 + Level 2.3 Transmutations
 + Level 18.3 Earth Magic


You had 35 spell levels left.
You knew the following spells:

 Your Spells              Type           Power      Damage    Failure   Level
a - Sandblast             Erth           100%       2d20      0%          1
b - Passwall              Tmut/Erth      54%        N/A       1%          2
c - Stone Arrow           Conj/Erth      100%       3d13      1%          3
d - Lee's Rapid Deconstr  Erth           42%        3d22*     1%          5
e - Petrify               Tmut/Erth      65%        N/A       1%          4

Your spell library contained the following spells:

 Spells                   Type           Power      Damage    Failure   Level
 Ozocubu's Refrigeration  Ice            12%        4d7       96%         7


Dungeon Overview and Level Annotations

Branches:
Dungeon (1/1)

Altars:
Ashenzari
Cheibriados
Dithmenos
Elyvilon
Fedhas
Gozag
Hepliaklqana
Kikubaaqudgha
Makhleb
Nemelex Xobeh
Okawaru
Qazlal
Ru
Sif Muna
Trog
Uskayaw
Vehumet
Wu Jian
Xom
Yredelemnul
Zin
The Shining One
Beogh
Jiyva
Lugonu


Message History

You feel much better. The minotaur hits you!
The minotaur gores you but does no damage.
Unknown command.
You feel much better. The minotaur misses you.
The minotaur gores you but does no damage.
Unknown command.
Casting: Lee's Rapid Deconstruction (safe; 1% risk of failure)
Confirm with . or Enter, or press ? or * to list all spells.
You don't have enough magic to cast this spell.
You aren't carrying any items that you can evoke.
Unknown command.
Blink to where?
Press: ? - help, Dir - move target, f - you
Okay, then.
As you read the scroll of summoning, it crumbles to dust.
Wisps of shadow whirl around you...
The shadows disperse without effect.
The minotaur hits you! The minotaur gores you!
Unknown command.
You feel much better. The minotaur hits you!! The minotaur gores you!
Unknown command.
You feel much better. The minotaur hits you! The minotaur gores you!
* * * LOW HITPOINT WARNING * * *
Unknown command.
You feel much better. The minotaur hits you!!
The minotaur gores you but does no damage.
Unknown command.
Casting: Lee's Rapid Deconstruction (safe; 1% risk of failure)
Confirm with . or Enter, or press ? or * to list all spells.
Aiming: Sandblast (safe; 0% risk of failure)
Press: ? - help, Shift-Dir - straight line The blast of sand hits the minotaur but does no damage.
The minotaur is heavily wounded.
The minotaur hits you. The minotaur gores you.
* * * LOW HITPOINT WARNING * * *
Unknown command.
You feel much better. The minotaur hits you!!
Ouch! That really hurt!
* * * LOW HITPOINT WARNING * * *
The minotaur gores you!
You die...

##................+
.'................+
##......#..#......#
##................#
#####'#####')######
##.......##))########### ###
##.......##....##..'...# ...#
##.......##.))##...#..##.....
##...<...##..##.@H##..#......
##.......##.)#)..##...†..[...
##.......##..'..##....###...D
##.......##.##..#.....H. ..
#############...+.........
########## #....#....####..#
÷...#....##..#..##..## H.+
÷...#..[[##.###..##.+ .#
....'..))####.##.÷#÷## ..#


You could see a minotaur.

Vanquished Creatures
  A nagaraja (D)
  A boulder beetle (D)
  A phantasmal warrior (D)
  An elephant (D)
  A kobold demonologist (D)
  A freezing wraith (D)
  A guardian mummy (D)
  An ice devil (D)
  2 hornets (D)
  A spriggan (D)
  2 redbacks (D)
  A wyvern (D)
  An acid dragon (D)
  An orc warrior (D)
  2 necrophages (D)
  2 centaurs (D)
  10 wolves (D)
  A bullfrog (D)
  A gnoll sergeant (D)
  A scorpion (D)
  Crazy Yiuf (D)
  A mummy (D)
  5 gnolls (D)
  A river rat (D)
  An adder skeleton (D)
  An orc (D)
  A bat skeleton (D)
  2 endoplasms (D)
  3 goblins (D)
  2 jackals (D)
  A ball python (D)
  A ball python skeleton (D)
  2 giant cockroach zombies (D)
  A quokka skeleton (D)
  2 rats (D)
58 creatures vanquished.

Notes
Turn   | Place    | Note
-------+----------+-------------------------------------------
     0 | D        | mhtbhm the Deep Elf Earth Elementalist began the quest for
                  | the Orb.
     0 | D        | Reached XP level 1. HP: 10/10 MP: 6/6
    46 | D        | Found a bloodstained altar of Trog.
    46 | D        | Found a shimmering blue altar of Sif Muna.
    46 | D        | Found a viscous altar of Jiyva.
    46 | D        | Found a hazy altar of Hepliaklqana.
    46 | D        | Found an opulent altar of Gozag.
    47 | D        | Found a glowing golden altar of the Shining One.
    47 | D        | Found a glowing silver altar of Zin.
    47 | D        | Found a basalt altar of Yredelemnul.
    47 | D        | Found a shimmering altar of Xom.
    47 | D        | Found an ornate altar of the Wu Jian Council.
    47 | D        | Found a sacrificial altar of Ru.
    47 | D        | Found a stormy altar of Qazlal.
    47 | D        | Found an iron altar of Okawaru.
    47 | D        | Found a sparkling altar of Nemelex Xobeh.
    47 | D        | Found a burning altar of Makhleb.
    47 | D        | Found a blossoming altar of Fedhas.
    47 | D        | Found a white marble altar of Elyvilon.
    47 | D        | Found a shadowy altar of Dithmenos.
    47 | D        | Found a snail-covered altar of Cheibriados.
    49 | D        | Found a radiant altar of Vehumet.
    49 | D        | Found a corrupted altar of Lugonu.
    50 | D        | Found a hide-covered altar of Uskayaw.
    50 | D        | Found an ancient bone altar of Kikubaaqudgha.
    50 | D        | Found a broken altar of Ashenzari.
    57 | D        | Became a worshipper of Vehumet
   107 | D        | Reached * piety under Vehumet
   107 | D        | Offered knowledge of Shock by Vehumet.
   108 | D        | Reached skill level 4 in Spellcasting
   136 | D        | Reached ** piety under Vehumet
   137 | D        | Reached XP level 2. HP: 15/15 MP: 5/9
   173 | D        | Learned a level 2 spell: Passwall
   253 | D        | Noticed a bullfrog
   263 | D        | Offered knowledge of Poisonous Vapours by Vehumet.
   357 | D        | Noticed a scorpion
   358 | D        | Noticed a necrophage
   366 | D        | Reached *** piety under Vehumet
   367 | D        | Reached skill level 5 in Spellcasting
   367 | D        | Reached skill level 5 in Earth Magic
   368 | D        | Killed a bullfrog
   369 | D        | Reached skill level 7 in Spellcasting
   369 | D        | Reached XP level 3. HP: 19/19 MP: 6/13
   369 | D        | Reached XP level 4. HP: 24/24 MP: 6/15
   370 | D        | Killed a necrophage
   371 | D        | Reached skill level 9 in Spellcasting
   371 | D        | Reached XP level 5. HP: 23/28 MP: 4/18
   560 | D        | Learned a level 3 spell: Stone Arrow
   566 | D        | Learned a level 5 spell: Lee's Rapid Deconstruction
   571 | D        | Learned a level 4 spell: Petrify
   572 | D        | Offered knowledge of Conjure Flame by Vehumet.
   575 | D        | Reached **** piety under Vehumet
   641 | D        | Noticed a centaur
   643 | D        | Killed a centaur
   644 | D        | Reached skill level 10 in Spellcasting
   644 | D        | Reached skill level 10 in Earth Magic
   644 | D        | Reached XP level 6. HP: 20/32 MP: 14/21
   757 | D        | Noticed a boulder beetle
   776 | D        | Killed a boulder beetle
   776 | D        | Offered knowledge of Sticky Flame by Vehumet.
   777 | D        | Reached skill level 1 in Fighting
   777 | D        | Reached skill level 14 in Spellcasting
   777 | D        | Reached XP level 7. HP: 38/38 MP: 16/26
   777 | D        | Reached XP level 8. HP: 43/43 MP: 17/28
  1009 | D        | Offered knowledge of Frozen Ramparts by Vehumet.
  1009 | D        | Reached ***** piety under Vehumet
  1040 | D        | Reached skill level 15 in Spellcasting
  1041 | D        | Reached skill level 5 in Stealth
  1042 | D        | Reached skill level 16 in Spellcasting
  1306 | D        | Offered knowledge of Fulminant Prism by Vehumet.
  1307 | D        | Reached skill level 15 in Earth Magic
  1310 | D        | Reached ****** piety under Vehumet
  1311 | D        | Reached XP level 9. HP: 48/48 MP: 16/31
  1448 | D        | Noticed a guardian mummy
  1449 | D        | Killed a guardian mummy
  1454 | D        | Noticed a kobold demonologist
  1455 | D        | Noticed a freezing wraith
  1456 | D        | Noticed an orange demon
  1456 | D        | Killed a freezing wraith
  1457 | D        | Reached skill level 17 in Spellcasting
  1457 | D        | Killed a kobold demonologist
  1460 | D        | Reached skill level 18 in Spellcasting
  1602 | D        | Noticed a phantasmal warrior
  1603 | D        | Offered knowledge of Iron Shot by Vehumet.
  1604 | D        | Killed a phantasmal warrior
  1606 | D        | Reached XP level 10. HP: 53/53 MP: 22/34
  1612 | D        | Noticed a nagaraja
  1615 | D        | Killed a nagaraja
  1616 | D        | Reached skill level 19 in Spellcasting
  1620 | D        | Reached skill level 20 in Spellcasting
  1620 | D        | Noticed Crazy Yiuf
  1621 | D        | Killed Crazy Yiuf
  1660 | D        | Noticed an elephant
  1663 | D        | Killed an elephant
  1948 | D        | Offered knowledge of Ozocubu's Refrigeration by Vehumet.
  1956 | D        | Noticed a minotaur
  1977 | D        | Slain by a minotaur

Illustrated notes

Levels and vault maps discovered:
D:        pitsprint [storerooms_1, entrance_room_1, metal_vault_7, armoury_1,
          mini_pit_1, grid_room_1, main_hall_1, silver_pit, the_coven_2,
          the_vestibule_1, steel_vault_2, golden_pit, hallway_of_sentries,
          crystal_vault_2, iron_vault_5, final_vault]

Skill      XL: |  1  2  3  4  5  6  7  8  9 10 |
---------------+-------------------------------+-----
Earth Magic    | 4 7 9 10 13 15 17 18 | 18.3
Spellcasting   | 4 7 9 10 14 16 18 20 | 20.7
Dodging        | 3 4 |  4.4
Stealth        | 3 4 5 |  5.4
Fighting       | 1 2 |  2.1
Transmutations | 2 |  2.3

Action                   |  1- 3 |  4- 6 |  7- 9 | 10-12 || total
-------------------------+-------+-------+-------+-------++-------
 Cast: Sandblast         |    17 |     4 |       |     2 ||    23
       Lee's Rapid Decon |       |    11 |    21 |    18 ||    50
       Petrify           |       |     1 |       |       ||     1
  Use: Potion            |       |     3 |       |     6 ||     9
       Scroll            |       |       |       |     1 ||     1
Armor: Robe              |     1 |     1 |       |     3 ||     5
Dodge: Dodged            |     2 |     4 |     3 |     2 ||    11

Table legend: (Time is in decaauts)
 A = Elapsed time spent in this place.
 B = Non-inter-level travel time spent in this place.
 C = Inter-level travel time spent in this place.
 D = Time resting spent in this place.
 E = Time spent auto-exploring this place.
 F = Levels seen in this place.
 G = Mean time per level.
                   A        B        C        D        E       F      G
               +--------+--------+--------+--------+--------+-----+--------+
         Total |   1976 |   1976 |      0 |   1436 |    114 |   1 | 1976.0 |
       Dungeon |   1976 |   1976 |      0 |   1436 |    114 |   1 | 1976.0 |
               +--------+--------+--------+--------+--------+-----+--------+

Top non-repeatable levels by time:
       D: 1976 daAuts
